[Event "ESP-ch Seniors 2017"]
[Site "Altea"]
[Date "2017.10.13"]
[Round "7"]
[White "Lloret Ramis, Juan Jose"]
[Black "Lloret Climent, Miguel"]
[Result "1/2-1/2"]
[ECO "A19"]
[WhiteElo "2120"]
[BlackElo "1950"]
[Annotator "NA"]
[PlyCount "41"]
[EventDate "2017.??.??"]
[EventType "swiss"]
[EventCountry "ESP"]
[SourceTitle "playchess.com"]
[Source "ChessBase"]
[SourceQuality "1"]
[TimeControl "5400+30"]

1. c4 Nf6 2. Nc3 e6 3. e4 c5 4. e5 Ng8 5. Nf3 Nc6 6. d4 cxd4 7. Nxd4 Nxe5 8. Ndb5 f6 9. Be3 a6 10. Nd6+ Bxd6 11. Qxd6 Ne7 12. Bb6 Nf5 13. Bxd8 Nxd6 14. Bc7 Ke7 15. c5 Ne8 16. Bb6 d5 17. cxd6+ Nxd6 18. Bc5 Nef7 19. O-O-O Rd8 20. g3 Bd7 21. Bh3 1/2-1/2

[Event "ESP-ch Seniors 2017"]
[Site "Altea"]
[Date "2017.10.13"]
[Round "7"]
[White "Fernandez Perez, Josep"]
[Black "Buxade Roca, Guillermo"]
[Result "1/2-1/2"]
[ECO "B33"]
[WhiteElo "2045"]
[BlackElo "2025"]
[Annotator "NA"]
[PlyCount "36"]
[EventDate "2017.??.??"]
[EventType "swiss"]
[EventCountry "ESP"]
[SourceTitle "playchess.com"]
[Source "ChessBase"]
[SourceQuality "1"]
[TimeControl "5400+30"]

1. e4 c5 2. Nf3 Nc6 3. d4 cxd4 4. Nxd4 Nf6 5. Nc3 e5 6. Ndb5 d6 7. Bg5 a6 8. Na3 b5 9. Nd5 Be7 10. Bxf6 Bxf6 11. c4 b4 12. Nc2 a5 13. g3 g6 14. Bg2 Bg7 15. O-O O-O 16. Qd3 Be6 17. Rad1 Rc8 18. b3 Bxd5 1/2-1/2

[Event "ESP-ch Seniors 2017"]
[Site "Altea"]
[Date "2017.10.13"]
[Round "7"]
[White "Vinal Gutierrez, Pedro"]
[Black "Campos Calvo-Sotelo, Juan"]
[Result "1-0"]
[ECO "A40"]
[WhiteElo "2041"]
[BlackElo "1796"]
[Annotator "NA RC"]
[PlyCount "112"]
[EventDate "2017.??.??"]
[EventType "swiss"]
[EventCountry "ESP"]
[SourceTitle "playchess.com"]
[Source "ChessBase"]
[SourceQuality "1"]
[TimeControl "5400+30"]

1. d4 b5 2. e4 a6 3. Bd3 e6 4. Nf3 c5 5. c3 Bb7 6. O-O Nf6 7. e5 {[%emt 0:00:29] B28: Sicilian: 2 Nf3 a6 (O'Kelly Variation)} (7. Re1 Qc7 8. a4 c4 9. Bc2 d5 10. e5 Ne4 11. Nbd2 Nxd2 12. Bxd2 h6 13. b4 cxb3 14. Bxb3 Nd7 15. axb5 axb5 {0-1 (65) Kasparov,G (2812)-Short,N (2698) Leuven 2011}) 7... Nd5 8. dxc5 Bxc5 9. Nbd2 Qc7 $146 ({Predecessor:} 9... f5 10. Nb3 Be7 11. a4 bxa4 12. Rxa4 a5 13. Re1 O-O 14. Nbd4 Na6 {0-1 (27) Galofre,C (2320)-Stopa,J (2440) Pawtucket 2008}) 10. a4 b4 11. Ne4 bxc3 12. bxc3 Be7 13. Ba3 O-O 14. Bxe7 Nxe7 15. Nd6 Bxf3 16. Qxf3 Nbc6 17. Qh3 Ng6 18. f4 f5 19. Qe3 Nge7 20. c4 Nb4 21. Rab1 Nxd3 22. Qxd3 Rfb8 23. Kh1 Nc8 24. Rxb8 Rxb8 25. h3 Nxd6 26. exd6 Qc6 27. Qd4 Rb4 28. Rc1 Rxa4 29. Rc3 Qe4 30. Qxe4 fxe4 31. g4 Kf7 32. Kg2 Ke8 (32... Ra2+ $17 33. Kf1 Kf6) 33. Kf2 Ra1 34. Ke3 Rd1 35. Kxe4 Rxd6 36. Rb3 a5 37. Rb8+ Ke7 38. Ra8 Rb6 39. Rxa5 Rb4 40. Kd4 d5 41. Ke5 Rxc4 42. Ra7+ Kf8 43. Kxe6 Re4+ 44. Kf5 g6+ 45. Kg5 $14 Re7 46. Ra8+ Kg7 47. Rd8 Re3 48. Rd7+ Kg8 49. Kf6 h5 50. Kxg6 Kf8 51. Rxd5 Rxh3 52. Rxh5 Ra3 53. Rh7 Ra6+ 54. Kg5 Kg8 55. Rb7 Rc6 56. f5 Rc7 1-0

[Event "ESP-ch Seniors 2017"]
[Site "Altea"]
[Date "2017.10.13"]
[Round "7"]
[White "Beltran Sanz, Felix"]
[Black "Coll Sola, Joan"]
[Result "0-1"]
[ECO "B44"]
[WhiteElo "1744"]
[BlackElo "2045"]
[Annotator "NA"]
[PlyCount "92"]
[EventDate "2017.??.??"]
[EventType "swiss"]
[EventCountry "ESP"]
[SourceTitle "playchess.com"]
[Source "ChessBase"]
[SourceQuality "1"]
[TimeControl "5400+30"]

1. e4 c5 2. Nf3 e6 3. d4 cxd4 4. Nxd4 Nc6 5. Be3 Nf6 6. Nxc6 bxc6 7. Bd3 d5 8. Nd2 Be7 {[%emt 0:01:48] B44: Sicilian: Taimanov: 5 Nb5} (8... Bd6 9. Bg5 Rb8 10. Qe2 Be5 11. O-O Qc7 12. f4 Bxb2 13. Rad1 dxe4 14. Nxe4 Nd5 15. f5 e5 16. f6 g6 {1-0 (32) Kolbak,J (2271)-Andersen,M (2499) Denmark 2014}) 9. e5 Nd7 10. Nf3 O-O 11. O-O f6 $146 ({Predecessor:} 11... Qc7 12. Bf4 Rb8 13. b3 Nc5 14. Re1 Rd8 15. c3 Nxd3 16. Qxd3 h6 17. Rad1 c5 {1-0 (53) Janos,M (2269)-Ondrus,M (2317) Slovakia 2015}) 12. exf6 Bxf6 13. c3 e5 14. Bc2 Nb6 15. h3 Be6 16. Re1 Nd7 17. Qd2 h6 18. Bb3 Qe7 19. Qc2 (19. Rad1 $11) 19... Rfe8 20. Qg6 Bf7 21. Qc2 Nc5 22. Qe2 Nxb3 23. axb3 d4 24. Bd2 c5 25. c4 e4 26. Nh2 d3 27. Qg4 h5 28. Qf5 Bxb2 29. Rab1 Qf6 30. Qxc5 Bd4 31. Qb4 Bxf2+ 32. Kh1 Bxe1 33. Rxe1 Rab8 34. Qa3 {[%emt 0:00:12] [#]} (34. Qa5 $142) 34... Qb6 (34... e3 $142 $1 35. Rxe3 (35. Bxe3 Rxe3) 35... Qf2) 35. Nf1 Qxb3 36. Qxa7 Rb7 37. Qf2 Bxc4 38. Ne3 Qa2 39. Nxc4 Qxc4 40. Qe3 Qa2 41. Bc3 Rb1 42. Rxb1 Qxb1+ 43. Kh2 Qb8+ 44. Kg1 Qd8 45. Qg3 Qd7 $19 46. Qg6 Qf7 0-1

[Event "ESP-ch Seniors 2017"]
[Site "Altea"]
[Date "2017.10.14"]
[Round "8"]
[White "Aranaz Portugues, Jose Carlos"]
[Black "Acebal Muniz, Antonio"]
[Result "1/2-1/2"]
[ECO "D36"]
[WhiteElo "2159"]
[BlackElo "2091"]
[Annotator "RC"]
[PlyCount "179"]
[EventDate "2017.??.??"]
[EventType "swiss"]
[EventCountry "ESP"]
[SourceTitle "playchess.com"]
[Source "ChessBase"]
[SourceQuality "1"]
[TimeControl "5400+30"]

1. d4 d5 2. c4 e6 3. Nc3 Nf6 4. cxd5 exd5 5. Bg5 c6 6. Qc2 Be7 7. e3 O-O 8. Bd3 Nbd7 9. Nf3 Re8 10. O-O Nf8 11. h3 Ne4 12. Bf4 f5 13. Qb3 Qb6 14. Qc2 Be6 15. Ne5 g6 16. f3 Nf6 17. g4 fxg4 18. hxg4 Kg7 19. Na4 Qd8 20. Nc5 Bxc5 21. Qxc5 N6d7 22. Qc2 Nxe5 23. Bxe5+ Kg8 24. Qh2 Nd7 25. Bxg6 Re7 26. Bc7 Qf8 27. Bh5 Rg7 28. Bd6 Qf6 29. Rf2 Bf7 30. Bxf7+ Rxf7 31. Bf4 Qe6 32. Qh4 Re8 33. Kg2 Nf8 34. Be5 Ng6 35. Qg5 h6 36. Qxh6 Nxe5 37. Qxe6 Rxe6 38. dxe5 Rxe5 39. Re2 Rfe7 40. Kf2 d4 41. e4 c5 42. Rd2 Rh7 43. Kg3 b5 44. Re1 Rhe7 45. b4 cxb4 46. Rxd4 a5 47. Rc1 Kg7 48. Kf4 R5e6 49. Rc5 Rf7+ 50. Rf5 Rc6 51. Rxf7+ Kxf7 52. Rd7+ Kg6 53. g5 Rc3 54. Kg4 Rc2 55. Rd6+ Kg7 56. Kf5 Rxa2 57. Rd7+ Kf8 58. Kf6 Ke8 59. Rb7 Rf2 60. Rxb5 Rxf3+ 61. Ke6 Kf8 62. Rxa5 b3 63. Rb5 Kg7 64. Ke7 Re3 65. e5 b2 66. e6 Re2 67. Kd7 Rd2+ 68. Ke8 Re2 69. e7 Rd2 70. Rb6 Re2 71. Rb8 Rd2 72. Rb7 Kg8 73. Rb5 Kg7 74. Rb6 Re2 75. Kd7 Rd2+ 76. Ke8 Re2 77. g6 Rd2 78. Rb7 Kg8 79. g7 Rc2 80. Kd7 Rd2+ 81. Ke8 Rc2 82. Rb3 Rd2 83. Rb5 Rc2 84. Kd7 Rd2+ 85. Ke6 Re2+ 86. Kf6 Rf2+ 87. Kg5 Rg2+ 88. Kf4 Re2 89. Kg5 Rxe7 90. Rxb2 1/2-1/2

[Event "ESP-ch Seniors 2017"]
[Site "Altea"]
[Date "2017.10.14"]
[Round "8"]
[White "Serra Olives, Tomas"]
[Black "Simon Padros, Emili"]
[Result "1/2-1/2"]
[ECO "C12"]
[WhiteElo "2146"]
[BlackElo "2153"]
[Annotator "ChessBase"]
[PlyCount "66"]
[EventDate "2017.??.??"]
[EventType "swiss"]
[EventCountry "ESP"]
[SourceTitle "playchess.com"]
[Source "ChessBase"]
[SourceQuality "1"]
[TimeControl "5400+30"]

1. e4 e6 2. d4 d5 3. Nc3 Nf6 4. Bg5 Bb4 5. e5 h6 6. Bd2 Bxc3 7. bxc3 Ne4 8. Bd3 Nxd2 9. Qxd2 c5 10. Nf3 O-O 11. O-O b6 12. g4 Ba6 13. Bxa6 Nxa6 14. Kh1 Nc7 15. Rg1 f6 16. Raf1 cxd4 17. cxd4 Rc8 18. Nh4 Ne8 19. f4 Qc7 20. Rg2 fxe5 21. Ng6 Rf6 22. Nxe5 Nd6 23. Qd3 Qc3 24. Nd7 Rf7 25. Qg6 Qe3 26. Ne5 Rf6 27. Qd3 Qxd3 28. cxd3 Nb5 29. h4 Nxd4 30. g5 hxg5 31. hxg5 Rff8 32. g6 Nf5 33. Re1 Nh6 1/2-1/2

[Event "ESP-ch Seniors 2017"]
[Site "Altea"]
[Date "2017.10.14"]
[Round "8"]
[White "Bautista Sanchez, Joan"]
[Black "Gonzalez Rivera, Eduardo"]
[Result "1/2-1/2"]
[ECO "A06"]
[WhiteElo "2123"]
[BlackElo "2020"]
[Annotator "NA"]
[PlyCount "57"]
[EventDate "2017.??.??"]
[EventType "swiss"]
[EventCountry "ESP"]
[SourceTitle "playchess.com"]
[Source "ChessBase"]
[SourceQuality "1"]
[TimeControl "5400+30"]

1. Nf3 d5 2. c3 c5 3. g3 Nc6 4. d4 e6 5. Bg2 Nf6 6. O-O b6 7. Bg5 Be7 8. Nbd2 cxd4 9. cxd4 Bb7 10. Rc1 O-O 11. Qa4 Rc8 12. e3 a6 13. Bxf6 Bxf6 14. b4 b5 15. Qb3 a5 16. bxa5 Qxa5 17. Rc5 Na7 18. Rfc1 Be7 19. Rxc8 Rxc8 20. Rxc8+ Nxc8 21. Qc2 Nd6 22. Nb3 Qb6 23. Ne5 Nc4 24. Nd7 Qa7 25. Ndc5 Bxc5 26. Nxc5 Bc6 27. Nd3 Qa3 28. Qb3 b4 29. Qc2 1/2-1/2

[Event "ESP-ch Seniors 2017"]
[Site "Altea"]
[Date "2017.10.14"]
[Round "8"]
[White "Pastor Pons, Pedro Maria"]
[Black "Roche Simon, Manuel Angel"]
[Result "0-1"]
[ECO "B59"]
[WhiteElo "2077"]
[BlackElo "2216"]
[Annotator "NA"]
[PlyCount "66"]
[EventDate "2017.??.??"]
[EventType "swiss"]
[EventCountry "ESP"]
[SourceTitle "playchess.com"]
[Source "ChessBase"]
[SourceQuality "1"]
[TimeControl "5400+30"]

1. e4 c5 2. Nf3 Nc6 3. d4 cxd4 4. Nxd4 Nf6 5. Nc3 d6 6. Be2 e5 7. Nb3 Be7 8. O-O O-O 9. f4 a5 10. a4 Nb4 11. Bf3 Be6 12. f5 {[%emt 0:01:13] B59: Sizilianisch (Boleslawski-Variante)} Bc4 13. Re1 (13. Be2 d5 14. exd5 Bxb3 15. cxb3 Nbxd5 16. Nxd5 Qxd5 17. Qxd5 Nxd5 18. Bc4 Rfd8 19. Rd1 Bc5+ {½-½ (50) Rizouk,A (2489)-Gallego Alcaraz,A (2428) Barcelona 2017}) 13... Nxc2 14. Qxc2 Qb6+ 15. Be3 Qxb3 16. Qd2 Rfd8 17. Qf2 $146 ({Vorgänger:} 17. Rad1 Qb4 18. g4 d5 19. Nxd5 Nxd5 20. exd5 Qxd2 21. Bxd2 {0-1 (46) Cortlever,N-Kottnauer,C Prague 1949}) 17... d5 18. Bb6 dxe4 19. Nxe4 Nxe4 20. Bxe4 Rd7 21. f6 gxf6 22. Bc2 Qb4 23. Be3 Be6 24. Kh1 Kh8 25. Bh6 Qd4 26. Qf3 Qg4 27. Qf2 Rad8 28. Rf1 Rg8 29. Rae1 Rd4 30. Bd2 $2 (30. Be3 Bd5 31. Rg1) 30... Bd5 31. Rg1 {[%emt 0:00:14] [#]} Qh4 $2 (31... Bxg2+ $1 32. Rxg2 (32. Qxg2 Qxg2+) 32... Qxg2+ 33. Qxg2 Rxg2) 32. Qxh4 Rxh4 33. Bxa5 (33. Be3 {keeps fighting.}) 33... Bc5 0-1

[Event "ESP-ch Seniors 2017"]
[Site "Altea"]
[Date "2017.10.14"]
[Round "8"]
[White "Coll Sola, Joan"]
[Black "Dominguez Rueda, Juan"]
[Result "1/2-1/2"]
[ECO "C41"]
[WhiteElo "2045"]
[BlackElo "2135"]
[Annotator "RC"]
[PlyCount "108"]
[EventDate "2017.??.??"]
[EventType "swiss"]
[EventCountry "ESP"]
[SourceTitle "playchess.com"]
[Source "ChessBase"]
[SourceQuality "1"]
[TimeControl "5400+30"]

1. e4 e5 2. Nf3 d6 3. d4 Nd7 4. dxe5 dxe5 5. Bc4 c6 6. O-O Be7 7. Ng5 Bxg5 8. Qh5 g6 9. Qxg5 Qxg5 10. Bxg5 Nc5 11. Nd2 Ne6 12. Be3 Nf6 13. Nf3 Nxe4 14. Nxe5 Nd6 15. Bb3 Nf5 16. Rfe1 O-O 17. Rad1 Nxe3 18. Rxe3 Nc5 19. Bc4 Kg7 20. b4 Ne6 21. g3 a5 22. b5 cxb5 23. Bxb5 Nc5 24. Bc4 Bf5 25. Nd3 Rad8 26. Rb1 Nxd3 27. cxd3 Rd7 28. Kf1 Rc7 29. Rb5 a4 30. Rbe5 Kf6 31. Rb5 Bd7 32. Rb6+ Kg7 33. Ke1 Re8 34. Kd2 Kf8 35. Rxe8+ Kxe8 36. Bd5 Bc8 37. Rb4 a3 38. Rc4 Rxc4 39. dxc4 Ke7 40. Kc3 f6 41. Kb4 Kd6 42. Kxa3 Kc5 43. Bg8 h6 44. Kb3 b6 45. Kc3 g5 46. a3 Bh3 47. f4 Bf1 48. h4 Be2 49. fxg5 fxg5 50. Bf7 gxh4 51. gxh4 Bf1 52. Kb3 Be2 53. Kc3 Bf1 54. Bg8 Be2 {[%emt 0:00:15] Kd4+} 1/2-1/2

[Event "ESP-ch Seniors 2017"]
[Site "Altea"]
[Date "2017.10.14"]
[Round "8"]
[White "Fernandez Vicente, Carmelo"]
[Black "Vallbona Domingo, Joan"]
[Result "1/2-1/2"]
[ECO "A15"]
[WhiteElo "2044"]
[BlackElo "1889"]
[Annotator "NA"]
[PlyCount "51"]
[EventDate "2017.??.??"]
[EventType "swiss"]
[EventCountry "ESP"]
[SourceTitle "playchess.com"]
[Source "ChessBase"]
[SourceQuality "1"]
[TimeControl "5400+30"]

1. c4 Nf6 2. g3 e5 3. Bg2 d5 4. cxd5 Nxd5 5. Nc3 Nb6 6. Nf3 Nc6 7. a3 Be7 8. b4 Be6 9. Rb1 f6 10. O-O O-O 11. d3 a5 12. b5 Nd4 13. Nd2 Rb8 {[%emt 0:05:40] A29: English Opening: Four Knights Variation with 4 g3} (13... Qc8 14. e3 Nf5 15. Qc2 a4 16. Rd1 Nd6 17. Nde4 Nxe4 18. Nxe4 Bd5 19. Nc5 Bxg2 20. Kxg2 Bxc5 21. Qxc5 {½-½ (85) Svidler,P (2757)-Giri,A (2793) Moscow 2016}) 14. Re1 Qd7 15. e3 $146 ({Predecessor:} 15. Nc4 Nxc4 16. dxc4 Bxc4 17. Qa4 Bf7 18. e3 Ne6 19. Rd1 Bd6 20. b6 Qxa4 21. Nxa4 {½-½ (39) Karabakhtsian,A (2302)-Gabrielian,A (2488) Soukhumi 2007}) 15... Nf5 16. Qe2 Rfe8 17. Nc4 Nxc4 18. dxc4 c6 19. Rd1 Qc7 20. b6 Qc8 21. Ne4 Rd8 22. Bb2 Nd6 23. Nxd6 Rxd6 24. Qc2 Qf8 25. Rxd6 Bxd6 26. a4 $15 1/2-1/2

[Event "ESP-ch Seniors 2017"]
[Site "Altea"]
[Date "2017.10.14"]
[Round "8"]
[White "Buxade Roca, Guillermo"]
[Black "Vinal Gutierrez, Pedro"]
[Result "1/2-1/2"]
[ECO "A06"]
[WhiteElo "2025"]
[BlackElo "2041"]
[Annotator "NA"]
[PlyCount "41"]
[EventDate "2017.??.??"]
[EventType "swiss"]
[EventCountry "ESP"]
[SourceTitle "playchess.com"]
[Source "ChessBase"]
[SourceQuality "1"]
[TimeControl "5400+30"]

1. Nf3 d5 2. g3 Bf5 3. Bg2 e6 4. d3 h6 5. O-O Nf6 6. Nbd2 Bc5 7. c4 c6 8. a3 O-O 9. b4 Be7 10. Bb2 Nbd7 11. Qb3 Bh7 12. Rfe1 a5 13. e4 axb4 14. axb4 Rxa1 15. Bxa1 dxe4 16. dxe4 Qb6 17. e5 Ne8 18. c5 Qa7 19. Bd4 Nc7 20. Ra1 Qb8 21. Nc4 1/2-1/2

[Event "ESP-ch Seniors 2017"]
[Site "Altea"]
[Date "2017.10.14"]
[Round "8"]
[White "Zotes Flecha, Luis"]
[Black "Fernandez Perez, Josep"]
[Result "0-1"]
[ECO "A20"]
[WhiteElo "1814"]
[BlackElo "2045"]
[Annotator "NA"]
[PlyCount "90"]
[EventDate "2017.??.??"]
[EventType "swiss"]
[EventCountry "ESP"]
[SourceTitle "playchess.com"]
[Source "ChessBase"]
[SourceQuality "1"]
[TimeControl "5400+30"]

1. c4 e5 2. e4 d6 3. Nc3 Nc6 4. d3 g6 5. f4 Bg7 6. Nf3 Nge7 7. Be2 {[%emt 0:00:16] A10: English Opening: Unusual Replies for Black} O-O 8. O-O h6 $146 ({Predecessor:} 8... f5 9. fxe5 dxe5 10. Nd5 f4 11. b3 Qd6 12. a4 a5 13. Kh1 Nb4 14. Bb2 Nexd5 15. cxd5 {0-1 (65) Delithanasis,D (2215)-Grivas,E (2505) Ano Liosia 1993}) 9. h3 f5 10. fxe5 dxe5 11. Nd5 Nxd5 12. cxd5 Ne7 13. Qb3 Kh7 14. Bd2 c6 15. dxc6 Nxc6 16. Bc3 Qe7 17. a3 Be6 18. Qd1 f4 19. Qe1 g5 20. Nh2 Rfd8 21. Rc1 Rac8 22. Qf2 Qd7 23. Rfd1 Nd4 24. Bxd4 Rxc1 25. Rxc1 Qxd4 26. Qxd4 Rxd4 27. Rc7 Rd7 28. Rxd7 Bxd7 29. Kf2 Bf8 30. Bd1 Bc5+ 31. Ke2 Bd4 32. b3 {[%emt 0:00:26] [#]} Kg6 ({Black should try} 32... Bc3 $1 33. b4 Kg6) 33. Kd2 h5 34. Nf3 Ba1 35. Kc2 $2 (35. Nh2 $17) 35... g4 36. hxg4 hxg4 37. Ng1 Kg5 38. Kd2 Kh4 39. Ke2 Bd4 40. Kf1 Bxg1 41. Kxg1 Kg3 42. Kf1 $19 Bb5 43. Bc2 f3 44. gxf3 gxf3 45. a4 Bd7 0-1

[Event "ESP-ch Seniors 2017"]
[Site "Altea"]
[Date "2017.10.15"]
[Round "9"]
[White "Estrada Martinez, Cesar"]
[Black "Martinez De Soria Gordon, Jose Manuel"]
[Result "1/2-1/2"]
[ECO "A05"]
[WhiteElo "2045"]
[BlackElo "1862"]
[Annotator "NA RC"]
[PlyCount "154"]
[EventDate "2017.??.??"]
[EventType "swiss"]
[EventCountry "ESP"]
[SourceTitle "playchess.com"]
[Source "ChessBase"]
[SourceQuality "1"]
[TimeControl "5400+30"]

1. Nf3 Nf6 2. c4 b6 3. Nc3 Bb7 4. d4 e6 5. a3 Ne4 6. Nxe4 Bxe4 7. Nd2 Bb7 8. e4 Be7 {[%emt 0:00:57] E12: Queen's Indian: Unusual White 4th moves, 4 a3, 4 Nc3 Bb7 5 a3 and 4 Nc3 Bb7} (8... Qf6 9. d5 c6 10. Nf3 cxd5 11. cxd5 exd5 12. exd5 Bd6 13. Bc4 O-O 14. O-O Na6 15. Bg5 Qg6 16. b4 Nc7 17. Qd4 {1-0 (45) Bukavshin,I (2657)-Pridorozhni,A (2563) Khanty-Mansiysk 2015}) 9. Bd3 d6 10. O-O Nd7 11. Nf3 {[%emt 0:07:47] LiveBook: 4 Partien} Nf8 $146 ({Predecessor:} 11... O-O 12. Rb1 c5 13. d5 Bf6 14. Bf4 e5 15. Be3 g6 16. b4 Bg7 {½-½ (85) Javakhishvili,L (2455)-Bodnaruk,A (2415) Khanty-Mansiysk 2012}) 12. Be3 Qd7 13. Qe2 Ng6 14. Rad1 O-O 15. Bc2 Rae8 16. e5 Qc8 17. Ng5 Bxg5 18. Bxg5 h6 19. Bc1 Qd8 20. Qh5 Nh4 21. f3 f5 $2 (21... Nf5 $14) 22. g3 (22. exd6 $18 {is more deadly.} cxd6 23. Ba4) 22... Bxf3 23. Rxf3 Nxf3+ 24. Qxf3 dxe5 25. dxe5 Qe7 26. Be3 Rd8 27. Qc6 g5 28. Rf1 Qd7 29. Qxd7 Rxd7 30. h4 Rg7 31. hxg5 hxg5 32. c5 Rd8 (32... f4 $16 {was necessary.}) 33. Kf2 Kf7 34. Ke2 Ke7 35. Bb3 Rh8 36. Rf2 Rh3 37. Rg2 Rg6 38. Bc2 Rg8 39. Kf2 Rh5 40. g4 fxg4 41. Rxg4 Rh2+ 42. Rg2 Rf8+ 43. Kg1 Rxg2+ 44. Kxg2 g4 45. Be4 Rh8 46. Bf2 Kf7 47. Kg3 Rh5 48. Kxg4 Rxe5 49. Kf4 Rh5 50. cxb6 axb6 51. Ke3 Rb5 52. b4 Rh5 53. Bg3 c5 54. bxc5 Rxc5 55. Bd6 Rh5 (55... Rc1 $14) 56. Bb4 (56. Kd4 $16) 56... e5 57. Bd5+ Kf6 $1 58. Kd3 Rh4 59. Be4 b5 (59... Rh3+ $11 {remains equal.} 60. Kc4 Ke6) 60. Bc6 Rd4+ ({Better is} 60... Ke6 $14) 61. Ke3 Ke6 62. Bxb5 Kd5 63. Ba6 Kc6 (63... Rh4 $1 $14) 64. Bd3 Rxd3+ 65. Kxd3 Kb7 66. Ke4 Ka8 67. Bc5 Kb7 68. Be3 Ka8 69. Kd5 e4 70. Kc6 Kb8 71. a4 $11 ({White should try} 71. Bf4+ $18 Ka8 72. Bh6) 71... Ka8 72. Kb6 Kb8 73. Kc6 Ka8 74. Kc5 Kb8 75. a5 Kb7 76. Kb5 Ka8 77. a6 Kb8 1/2-1/2

[Event "ESP-ch Seniors 2017"]
[Site "Altea"]
[Date "2017.10.15"]
[Round "9"]
[White "Vinal Gutierrez, Pedro"]
[Black "Bautista Sanchez, Joan"]
[Result "1-0"]
[ECO "A40"]
[WhiteElo "2041"]
[BlackElo "2123"]
[Annotator "NA"]
[PlyCount "51"]
[EventDate "2017.??.??"]
[EventType "swiss"]
[EventCountry "ESP"]
[SourceTitle "playchess.com"]
[Source "ChessBase"]
[SourceQuality "1"]
[TimeControl "5400+30"]

1. d4 c6 2. c4 Nf6 3. Nc3 d5 4. cxd5 cxd5 5. Bf4 g6 6. e3 Bg7 7. Nf3 O-O 8. h3 {[%emt 0:01:02] LiveBook: 52 Games D90: Grünfeld: 4 Nf3 Bg7 sidelines} (8. Bd3 Nc6 {½-½ (8) Bruzon Batista,L (2668)-Ortiz Suarez,I (2623) Duran 2014}) 8... Nc6 9. Bb5 Bd7 10. O-O Qb6 11. Qe2 a6 12. Ba4 Qa5 $146 ({Predecessor:} 12... Rfc8 13. Rfc1 e6 14. Ne5 Nxe5 15. dxe5 Rxc3 16. bxc3 Bxa4 17. exf6 Bxf6 {½-½ (80) Lutsko,I (2399)-Elkin,M (2242) Odessa 2008}) 13. Bb3 e6 14. Rfc1 Rfc8 15. a3 Qb6 16. Nd2 Na5 17. Qd1 $1 Ne4 18. Ncxe4 dxe4 19. Rc3 Rxc3 20. bxc3 Nxb3 21. Qxb3 Qxb3 22. Nxb3 Bf8 23. c4 b6 24. Nd2 Rc8 25. Nxe4 Rxc4 26. Nf6+ $18 1-0